 Dungeon Crawl Stone Soup version 0.28-a0-21-gf74fda84f9 (webtiles) character file.

Game seed: 9609192664669949598

219 Sin92 the Skirmisher (level 5, -5/42 HPs)
             Began as a Demonspawn Fighter on July 26, 2021.
             Slain by a gnoll (6 damage)
             ... on level 4 of the Dungeon.
             The game lasted 00:05:41 (3556 turns).

Sin92 the Skirmisher (Demonspawn Fighter)           Turns: 3556, Time: 00:05:42

Health: -5/42      AC:  7    Str: 18    XL:     5   Next: 63%
Magic:  0/5        EV:  7    Int:  9    God:
Gold:   170        SH: 13    Dex: 12    Spells: 4/4 levels left

rFire   + . .      SeeInvis .   a - +0 war axe
rCold   . . .      Faith    .   c - +0 kite shield
rNeg    . . .      Spirit   +   g - +1 scale mail {rF+}
rPois   .          Reflect  .   (helmet restricted)
rElec   .          Harm     .   (no cloak)
rCorr   .          Rampage  .   (no gloves)
Will    .....                   (no boots)
Stlth   ..........              j - amulet of guardian spirit
HPRegen 0.14/turn               (no ring)
MPRegen 0.09/turn               (no ring)

@: mighty
A: horns 1, condensation shield
a: no special abilities


You were on level 4 of the Dungeon.
You visited 1 branch of the dungeon, and saw 4 of its levels.

You collected 170 gold pieces.

Inventory:

Hand Weapons
 a - a +0 war axe (weapon)
Armour
 b - a +0 scale mail
 c - a +0 kite shield (worn)
 g - a +1 scale mail of fire resistance (worn)
 k - a +0 helmet
Jewellery
 j - an amulet of guardian spirit (around neck)
Scrolls
 m - 2 scrolls of magic mapping
 n - a scroll of noise {unknown}
 o - a scroll of enchant armour {unknown}
 p - a scroll of teleportation {unknown}
Potions
 e - 2 potions of brilliance
 f - 3 potions of curing
 h - a potion of resistance {unknown}
 i - a potion of degeneration {unknown}
 l - a potion of attraction {unknown}


   Skills:
 + Level 3.7 Fighting
 * Level 3.3 Axes
 + Level 3.3 Armour
 + Level 1.8 Dodging
 + Level 3.5 Shields


You had 4 spell levels left.
You didn't know any spells.
Your spell library contained the following spells:

 Spells                   Type           Power      Damage    Failure   Level
 Summon Forest            Summ/Tloc      0%         N/A       100%        5
 Summon Mana Viper        Hex/Summ       0%         N/A       100%        5
 Shadow Creatures         Summ           N/A        N/A       100%        6


Dungeon Overview and Level Annotations

Branches:
Dungeon (4/15)
 Temple: D:4-7

Altars:
Makhleb
Xom


Innate Abilities, Weirdness & Mutations

You have a pair of small horns on your head.
A meltable shield of frost defends you. (SH +4)


Message History

Unknown command.
You feel very mighty all of a sudden. You block the adder's attack.
The gnoll closely misses you.
You closely miss the adder. Your headbutt misses the adder.
You block the adder's attack. The adder bites you.
You are poisoned.
The adder poisons you!
The gnoll hits you from afar with a +0 halberd!
You closely miss the adder.
You feel very sick. The adder bites you but does no damage.
The gnoll hits you from afar with a +0 halberd!
The adder closely misses you. The gnoll closely misses you.
You barely miss the adder. Your headbutt misses the adder.
You feel sick. You block the adder's attack. x2
The gnoll hits you from afar with a +0 halberd.
You barely miss the adder. Your headbutt misses the adder.
You feel sick. The adder bites you.
* * * LOW HITPOINT WARNING * * *
You block the gnoll's attack. You block the adder's attack.
The gnoll closely misses you. You block the adder's attack.
You slash the adder!
You kill the adder!
You feel sick.
You are no longer poisoned.
The gnoll throws a stone.
You block the stone.
The gnoll throws a stone.
The stone hits you but does no damage. The gnoll closely misses you.
You see here an adder corpse.
You barely miss the gnoll. The gnoll hits you with a +0 halberd.
* * * LOW HITPOINT WARNING * * *
You slash the gnoll! Your headbutt misses the gnoll.
The gnoll is almost dead.
The gnoll hits you with a +0 halberd.
* * * LOW HITPOINT WARNING * * *
You block the gnoll's attack.
You closely miss the gnoll. Your headbutt misses the gnoll.
The gnoll is almost dead.
The gnoll hits you with a +0 halberd.
You die...

.# .# ... )..# ...# .#
... . S..# ...# .# .
##.!.#. .>. ....# .#
.#^. ... ..##..... .#
...##.##........# .# ..
#..#.#..#..... .#
.....##....†##..#+### .#
........._...@......# .#
....##.....##g......
.#####..#..#.#..#......#
.#........##.##.......>#
.#......................
.#..........#...........
##..........##...##.....
............####+# .....
####.............


You could see a gnoll.

Vanquished Creatures
  A hound (D:4)
  An iguana (D:2)
  3 gnolls (D:2)
  6 adders
  An ufetubus (D:3)
  An adder skeleton (D:4)
  2 worms
  A dart slug (D:1)
  An orc (D:2)
  3 endoplasms
  5 giant cockroaches
  6 goblins
  6 hobgoblins
  4 jackals (D:3)
  6 kobolds
  5 quokkas
  7 ball pythons
  5 bats
  6 rats
70 creatures vanquished.

Vanquished Creatures (others)
  5 plants (D:3)
5 creatures vanquished.

Grand Total: 75 creatures vanquished

Notes
Turn   | Place    | Note
-------+----------+-------------------------------------------
     0 | D:1      | Sin92 the Demonspawn Fighter began the quest for the Orb.
     0 | D:1      | Reached XP level 1. HP: 18/18 MP: 1/1
   137 | D:1      | Gained mutation: You have a pair of small horns on your
                  | head. [demonic ancestry]
   137 | D:1      | Reached XP level 2. HP: 22/24 MP: 2/2
   637 | D:1      | Found a faded altar of an unknown god.
   714 | D:2      | Reached XP level 3. HP: 11/29 MP: 3/3
   983 | D:2      | Reached skill level 1 in Dodging
  1188 | D:2      | Gained mutation: A meltable shield of frost defends you.
                  | (SH +4) [demonic ancestry]
  1188 | D:2      | Reached XP level 4. HP: 20/35 MP: 4/4
  2428 | D:3      | Reached XP level 5. HP: 39/41 MP: 5/5
  3262 | D:3      | Found a burning altar of Makhleb.
  3533 | D:4      | Found a shimmering altar of Xom.
  3555 | D:4      | HP: 1/42 [gnoll (5)]
  3556 | D:4      | Slain by a gnoll

Illustrated notes

Levels and vault maps discovered:
D:1:      dpeg_arrival_ratfight, layout_basic,
          shapermc_ecumenical_altar_hornbeckon, minmay_pentomino_u4
D:2:      layout_basic, serial_park_tiny_pond
D:3:      layout_loops_ring, lightli_temple_of_fire, serial_bayou,
          serial_bayou_crossing, serial_bayou_lagoon_b, serial_bayou_ford_a,
          serial_bayou_lagoon_a, serial_bayou_pond_b, minmay_strange_pillars,
          minmay_misc_feat_roman, chequers_serial_rivers_marsh,
          solitary_fountain, kennysheep_generic_room_8
D:4:      layout_gridville, overflow_temple_1_default,
          mainiacjoe_overflow_small_starburst, chequers_serial_rivers_micro_c,
          minmay_misc_feat_square

Skill      XL: |  1  2  3  4 |
---------------+-------------+-----
Axes           | 2 3 |  3.3
Shields        | 3 |  3.5
Dodging        | 1 |  1.8
Armour         | 3 |  3.3
Fighting       | |  3.7

Action                   |  1- 3 |  4- 6 || total
-------------------------+-------+-------++-------
Melee: War axe           |    68 |   135 ||   203
       Headbutt          |     5 |    18 ||    23
  Use: Scroll            |     1 |     3 ||     4
       Potion            |       |     1 ||     1
Armor: Scale mail        |    38 |    55 ||    93
Dodge: Dodged            |    17 |    40 ||    57
Block: Kite shield       |    37 |   104 ||   141

Table legend: (Time is in decaauts)
 A = Elapsed time spent in this place.
 B = Non-inter-level travel time spent in this place.
 C = Inter-level travel time spent in this place.
 D = Time resting spent in this place.
 E = Time spent auto-exploring this place.
 F = Levels seen in this place.
 G = Mean time per level.
                   A        B        C        D        E       F      G
               +--------+--------+--------+--------+--------+-----+--------+
         Total |   3739 |   3675 |     64 |    504 |   2515 |   4 |  934.8 |
       Dungeon |   3739 |   3675 |     64 |    504 |   2515 |   4 |  934.8 |
               +--------+--------+--------+--------+--------+-----+--------+

Top non-repeatable levels by time:
     D:2: 1749 daAuts
     D:3: 1051 daAuts
     D:1: 736 daAuts
     D:4: 202 daAuts
